 Dungeon Crawl Stone Soup version 0.29.0-4-gdea44cf6ec (webtiles) character file.

Game seed: 14225210043740273753

55 qw the Chopper (level 3, -14/21 HPs)
             Began as a Tengu Warper on Aug 28, 2022.
             Killed from afar by Sigmund (18 damage)
             ... with a bolt of light
             ... on level 2 of the Dungeon.
             The game lasted 00:00:08 (1363 turns).

qw the Chopper (Tengu Warper)                       Turns: 1363, Time: 00:00:09

Health: -14/21     AC:  5    Str: 13    XL:     3   Next: 93%
Magic:  7/7        EV: 11    Int: 13    God:
Gold:   92         SH:  0    Dex: 13    Spells: 6/6 levels left

rFire   . . .      SeeInvis .   Y - +0 hand axe
rCold   . . .      Faith    .   (no shield)
rNeg    . . .      Spirit   .   h - +0 ring mail
rPois   .          Reflect  .   (helmet restricted)
rElec   .          Harm     .   (no cloak)
rCorr   .          Rampage  .   (no gloves)
Will    .....                   (boots unavailable)
Stlth   +.........              (no amulet)
HPRegen 0.07/turn               (no ring)
MPRegen 0.10/turn               (no ring)

@: no status effects
A: beak, talons 3
a: no special abilities


You were on level 2 of the Dungeon.
You visited 1 branch of the dungeon, and saw 2 of its levels.

You collected 92 gold pieces.


Innate Abilities, Weirdness & Mutations

You have a beak for a mouth.
You have claws for feet.


   Skills:
 - Level 2.0 Fighting
 + Level 4.5 Axes
 - Level 1.0 Throwing
 - Level 1.1 Armour
 - Level 2.1 Dodging
 - Level 2.0 Spellcasting
 - Level 2.4 Translocations


You had 6 spell levels left.
You didn't know any spells.
Your spell library contained the following spells:

 Spells                   Type           Power      Damage    Failure   Level
 Blink                    Tloc           14%        N/A       30%         2
 Gell's Gravitas          Tloc           7%         N/A       52%         3
 Lesser Beckoning         Tloc           7%         N/A       52%         3
 Teleport Other           Tloc           7%         N/A       52%         3
 Manifold Assault         Tloc           7%         N/A       99%         5

Inventory:

Hand Weapons
 f - a +0 whip
 Y - a +0 hand axe (weapon)
Armour
 h - a +0 ring mail (worn)
Scrolls
 a - a scroll of noise {unknown}
Potions
 e - a potion of flight {unknown}

Dungeon Overview and Level Annotations

Branches:
Dungeon (2/15)

Altars:

Annotations:
D:2 Sigmund


Message History

You closely miss the rat. You claw the rat, but do no damage.
You peck the rat, but do no damage. The rat barely misses you.
You barely miss the rat. You claw the rat.
You kill the rat!
You hit the worm but do no damage. You claw the worm!
The worm is moderately wounded.
You hit the worm.
The worm is severely wounded.
The worm bites you but does no damage.
You hit the worm.
The worm is severely wounded.
The worm bites you.
You hit the worm. You claw the worm.
You kill the worm!
You start resting.
HP restored.
Things that are here:
a +0 whip; a worm corpse; a rat corpse
Found a stone staircase leading up.
Enter note: You now have 92 gold pieces (gained 6).
Sigmund the Dreaded comes into view.
He is wielding a +0 scythe and carrying a wand of light (7).
Sigmund shouts!
Sigmund moves out of view.
Sigmund hits you from afar with a +0 scythe.
Sigmund hits you with a +0 scythe!
You hit Sigmund. You peck Sigmund.
Sigmund is lightly wounded.
Sigmund zaps a wand.
The bolt of light hits you!
You hit Sigmund. Your peck misses Sigmund.
Sigmund is heavily wounded.
Sigmund closely misses you.
You hit Sigmund. You claw Sigmund. You peck Sigmund.
Sigmund is severely wounded.
You hit Sigmund but do no damage. You claw Sigmund.
Sigmund is severely wounded.
Sigmund zaps a wand.
The bolt of light hits you!!
Ouch! That really hurt!
You die...

###.# ...# #..# #.
#..# # #. #..# .# #
#..##..##.#.#.#
#.............. #.#
#..@@.....# #.#
#.###.##### #.#
##.###.# #
##.######...##.###.#
....<..............#
.#.######...#...#..#
.#.# #...........#
.#.#####)#.##...#..#
.#.##....#.###.##....


You could see Sigmund.

Vanquished Creatures
  2 adders (D:2)
  A worm (D:2)
  A dart slug (D:1)
  6 ball pythons (D:1)
  3 endoplasms (D:1)
  3 giant cockroaches (D:1)
  3 goblins
  2 hobgoblins (D:1)
  A quokka (D:1)
  2 bats (D:1)
  3 kobolds
  3 rats
30 creatures vanquished.

Notes
Turn   | Place    | Note
-------+----------+-------------------------------------------
     0 | D:1      | qw the Tengu Warper began the quest for the Orb.
     0 | D:1      | Reached XP level 1. HP: 12/12 MP: 4/4
     0 | D:1      | 0 ||| qw: Version: 0.1-a-89-g26bdef1
     0 | D:1      | 0 ||| qw: Game counter: 308
     0 | D:1      | 0 ||| qw: Always use a shield: true
     0 | D:1      | 0 ||| qw: God list: Okawaru
     0 | D:1      | 0 ||| qw: Allow faded altars: false
     0 | D:1      | 0 ||| qw: Do Orc after D:15 true
     0 | D:1      | 0 ||| qw: Do second Lair branch before Depths: true
     0 | D:1      | 0 ||| qw: Lair rune preference: random
     0 | D:1      | 0 ||| qw: Plans: Normal
     0 | D:1      | 0 ||| PLANNING D:1-11
   110 | D:1      | 110 ||| Stepping ~*~*~tactically~*~*~ (stealth).
   140 | D:1      | Reached skill level 3 in Axes
   140 | D:1      | Reached XP level 2. HP: 9/17 MP: 6/6
   639 | D:1      | Noticed an eye of devastation
   641 | D:1      | Found a faded altar of an unknown god.
   648 | D:1      | Noticed a great orb of eyes
   674 | D:1      | Noticed an eye of devastation
   684 | D:1      | Noticed an eye of devastation
   705 | D:1      | Reached XP level 3. HP: 21/21 MP: 7/7
   891 | D:1      | 891 ||| UPGRADING to +0 ring mail.
   901 | D:1      | 901 ||| DROPPING +0 leather armour.
   902 | D:1      | 902 ||| READING scroll labelled XEGAEL GUHUIPHIP.
   903 | D:1      | 903 ||| READING scroll labelled WIESULISKO.
   904 | D:1      | 904 ||| DROPPING scroll of blinking.
   937 | D:2      | Reached skill level 4 in Axes
   937 | D:2      | 937 ||| STAIRDANCE
  1356 | D:2      | Noticed Sigmund
  1360 | D:2      | HP: 4/21 [Sigmund/bolt of light (8)]
  1363 | D:2      | Killed from afar by Sigmund

Levels and vault maps discovered:
D:1:      psy_arrival_spokes, layout_basic,
          hellmonk_ecumenical_altar_watching_god, minmay_small_reverse_x
D:2:      layout_loops_ring, kennysheep_crisscross, feat_on_display,
          uniq_sigmund

Skill      XL: |  1  2  3 |
---------------+----------+-----
Axes           | 3 4 |  4.5
Fighting       | |  2.0
Throwing       | |  1.0
Armour         | |  1.1
Dodging        | |  2.1
Spellcasting   | |  2.0
Translocations | |  2.4

Action                   || total
-------------------------++-------
Melee: Hand axe          ||    70
       Kick              ||    16
       Peck              ||    12
Throw: Boomerang         ||     7
  Use: Scroll            ||     2
 Stab: Distracted        ||     1
Armor: Leather armour    ||     9
       Ring mail         ||     6
Dodge: Dodged            ||    26

Table legend:
 A = Non-vault XP
 B = Vault XP
 C = Vault XP percentage of total XP
 D = Non-vault monster count
 E = Vault monster count
 F = Vault count percentage of total count
                 A         B        C        D         E       F
            +---------+---------+-------+---------+---------+-------
      Total |      70 |       9 |  11.4 |      26 |       4 |  13.3
            +---------+---------+-------+---------+---------+-------
        D:1 |      30 |       9 |  23.1 |      18 |       4 |  18.2
        D:2 |      40 |       0 |   0.0 |       8 |       0 |   0.0
            +---------+---------+-------+---------+---------+-------
